cohdb
Replays
Latest Replays
All Replays
Popular Replays
Top Player Replays
Match Explorer
How It Works
Community
CoH3 Stats
Reddit
Sign in to upload your games and track your stats! →
Sign in with Steam
Match 43884239
Unlisted
Match 43884239
Overview
Messages
Build Orders
End
Construct Section Command Post
Vickers Machine Gun Team
Infantry Section
ML 3-inch Mortar Team
Infantry Section
Selects Air and Sea Battlegroup
Construct Platoon Command Post
Selects Commando Section Paradrop
CMP 15cwt Truck
Commando Section Paradrop
JT9001
admiral_gnar
This Sly Moose
SparkTangent
Avatar of Newell
renweareren
0
0
Comments
sign in to comment!
No comments posted yet!